 Dungeon Crawl Stone Soup version 0.18-a0-1702-gd20c6a5 (webtiles) character file.

401 Ijustatesigmund the Sneak (level 6, -6/45 HPs)
             Began as an Octopode Assassin on Apr 6, 2016.
             Mangled by Nonononoyes's ghost (10 damage)
             ... on level 4 of the Dungeon.
             The game lasted 00:06:21 (3659 turns).

Ijustatesigmund the Sneak (Octopode Assassin)       Turns: 3659, Time: 00:06:22

Health: -6/45      AC:  1    Str:  6    XL:     6   Next: 85%
Magic:  6/6        EV:  7    Int: 18    God:
Gold:   161        SH:  0    Dex: 16    Spells: 0 memorised, 5 levels left

rFire  . . .     SeeInvis .     k - -2 short sword (curse)
rCold  . . .     Gourm    .     (no shield)
rNeg   . . .     Faith    .     (helmet restricted)
rPois  .         Spirit   .     (no amulet)
rElec  .         Dismiss  .     h - -4 ring of strength (curse)
rCorr  .         Reflect  .     l - ring of wizardry
SustAt .         Harm     .     o - +5 ring of intelligence
MR     .....                    (no ring)
Stlth  ++++......               (no ring)
                                (no ring)
                                (no ring)
                                (no ring)

@: not resistant to hostile enchantments, stealthy
A: almost no armour, amphibious, 8 rings, constrict 8, camouflage 1, gelatinous
body 1
a: no special abilities


You were on level 4 of the Dungeon.
You were hungry.

You visited 1 branch of the dungeon, and saw 4 of its levels.

You collected 161 gold pieces.

Inventory:

Hand Weapons
 a - a +2 dagger
 b - a +0 blowgun
 k - a cursed -2 short sword (weapon)
Missiles
 c - 23 poisoned needles
 d - 2 curare-tipped needles
 j - 7 tomahawks (quivered)
Jewellery
 h - a cursed -4 ring of strength (left tentacle)
 l - a ring of wizardry (right tentacle)
 o - a +5 ring of intelligence (on tentacle)
Scrolls
 e - 2 scrolls of identify
 t - 2 scrolls of recharging
Potions
 m - 2 potions of haste
 n - a potion of ambrosia
 p - a potion of curing
 q - 2 potions of heal wounds
 s - 2 potions of might
Comestibles
 f - 5 bread rations
 g - 16 fruits
 i - 3 meat rations
 r - a royal jelly


   Skills:
 + Level 5.1 Fighting
 + Level 5.2 Short Blades
 - Level 2.0 Throwing
 - Level 1.0 Dodging
 - Level 5.3 Stealth


You had 5 spell levels left.
You didn't know any spells.

Dungeon Overview and Level Annotations

Branches:
Dungeon (4/15)
 Temple: D:4-7

Altars:
Dithmenos

Annotations:
D:4 Nonononoyes's ghost, amateur DsWz


Innate Abilities, Weirdness & Mutations

You cannot wear most types of armour.
You are amphibious.
You can wear up to eight rings at the same time.
You can use your tentacles to constrict eight enemies at once.
Your skin changes colour to match your surroundings (Stealth).
Your rubbery body absorbs attacks (AC +1).


Message History

You start resting.
Nonononoyes's ghost (amateur Demonspawn Wizard) comes into view.
Nonononoyes's ghost is nearby!
Nonononoyes's ghost turns its malevolent gaze towards you.
You are feeling hungry.
You see here 2 potions of heal wounds.
q - 2 potions of heal wounds You hit Nonononoyes's ghost but do no damage.
Nonononoyes's ghost closely misses you.
You hit Nonononoyes's ghost but do no damage.
Nonononoyes's ghost hits you!
You hit Nonononoyes's ghost but do no damage.
Nonononoyes's ghost barely misses you. Nonononoyes's ghost hits you!
* * * LOW HITPOINT WARNING * * *
Nonononoyes's ghost hits you!
* * * LOW HITPOINT WARNING * * *
There is a stone staircase leading up here.
Nonononoyes's ghost hits you!
You die...

.# # .# #.# ##.# #.#
#..# ########.####.#
##.....##......#
##..............####
#..................#
#................#.###.#
#.........W@†...........
#...........†......####
#................#..#
#................# ..#
##..............## .#
##.....##.....## #
##############


You could see Nonononoyes's ghost.

Vanquished Creatures
  An ogre (D:4)
  A giant frog (D:4)
  A hound (D:4)
  Crazy Yiuf (D:3)
  2 iguanas
  Ijyb (D:2)
  2 adders (D:2)
  An ooze (D:2)
  A worm (D:2)
  4 dart slugs
  2 giant geckos
  6 orcs (D:3)
  3 giant cockroaches
  8 goblins
  10 hobgoblins
  7 jackals
  4 ball pythons
  5 bats
  A giant newt (D:1)
  8 kobolds
  A quokka skeleton (D:4)
  5 rats
75 creatures vanquished.

Notes
Turn   | Place    | Note
--------------------------------------------------------------
     0 | D:1      | Ijustatesigmund the Octopode Assassin began the quest for the Orb.
     0 | D:1      | Reached XP level 1. HP: 14/14 MP: 1/1
   179 | D:1      | Reached XP level 2. HP: 1/20 MP: 2/2
   976 | D:1      | Reached XP level 3. HP: 21/25 MP: 3/3
  1876 | D:2      | Noticed Ijyb
  1885 | D:2      | Killed Ijyb
  1885 | D:2      | Reached XP level 4. HP: 28/31 MP: 4/4
  1934 | D:2      | Found a shadowy altar of Dithmenos.
  2535 | D:3      | Noticed Crazy Yiuf
  2542 | D:3      | Killed Crazy Yiuf
  2542 | D:3      | Reached XP level 5. HP: 37/37 MP: 5/5
  3175 | D:4      | Noticed an ogre
  3221 | D:4      | Noticed an ogre
  3224 | D:4      | Killed an ogre
  3224 | D:4      | Reached XP level 6. HP: 38/44 MP: 6/6
  3536 | D:4      | Reached skill level 5 in Short Blades
  3547 | D:4      | Reached skill level 5 in Fighting
  3640 | D:4      | Noticed Nonononoyes's ghost (amateur DsWz)
  3659 | D:4      | Mangled by Nonononoyes's ghost

Vault maps used:
D:1:      dpeg_arrival_boxes_within_box
D:2:      lemuel_doored_altar, serial_bayou_pond_e, uniq_iyjb
D:3:      first_bread, guppyfry_early_lair_pool, uniq_crazy_yiuf_cottage
D:4:      minmay_temple_entry_enclosed_plants

Skill      XL: |  1  2  3  4  5  6 |
---------------+-------------------+-----
Short Blades   | 3 4 5 |  5.2
Fighting       | 3 4 5 |  5.1
Throwing       | |  2.0
Dodging        | |  1.0
Stealth        | |  5.3

Action                   |  1- 3 |  4- 6 || total
-------------------------+-------+-------++-------
Melee: Dagger            |    24 |       ||    24
       Short sword       |    59 |   121 ||   180
  Use: Scroll            |     4 |     5 ||     9
       Potion            |       |     4 ||     4
 Stab: Sleeping          |     7 |    15 ||    22
       Distracted        |       |     1 ||     1
  Eat: Chunk             |     2 |     5 ||     7
       Pizza             |       |     1 ||     1
